 Dungeon Crawl Stone Soup version 0.28.0 (webtiles) character file.

Game seed: 446875467583900620

298 Buxparty the Sneak (level 6, -6/38 HPs)
             Began as a Kobold Brigand on Feb 18, 2022.
             Mangled by Edmund (8 damage)
             ... on level 4 of the Dungeon on Feb 19, 2022.
             The game lasted 00:06:26 (3273 turns).

Buxparty the Sneak (Kobold Brigand)                 Turns: 3273, Time: 00:06:26

Health: -6/38      AC:  5    Str:  9    XL:     6   Next: 63%
Magic:  6/6        EV: 16    Int: 12    God:
Gold:   167        SH:  0    Dex: 18    Spells: 5/5 levels left

rFire   + . .      SeeInvis .   a - +2 dagger
rCold   . . .      Faith    .   (no shield)
rNeg    . . .      Spirit   .   k - +1 robe of Wituymeo {rF+ Slay+2 Stlth+}
rPois   .          Reflect  .   (no helmet)
rElec   .          Harm     .   m - +1 cloak {Will+}
rCorr   .          Rampage  .   (no gloves)
Will    +....                   (no boots)
Stlth   ++++++....              (no amulet)
HPRegen 0.12/turn               (no ring)
MPRegen 0.10/turn               (no ring)

@: lethally poisoned (-6 -> -16)
A: small, no large weapons, nightstalker 3
a: no special abilities


You were on level 4 of the Dungeon.
You visited 1 branch of the dungeon, and saw 4 of its levels.

You collected 167 gold pieces.

Inventory:

Hand Weapons
 a - a +2 dagger (weapon)
 g - a +0 vampiric short sword
Missiles
 d - 10 poisoned darts (quivered)
 e - 2 curare-tipped darts
 p - 4 atropa-tipped darts
Armour
 b - a +0 robe
 c - a +0 cloak
 k - the +1 robe of Wituymeo (worn) {rF+ Slay+2 Stlth+}
   (You found it on level 2 of the Dungeon)

   Slay:      It affects your accuracy & damage with ranged weapons and melee
   (+2).
   rF:        It protects you from fire.
   Stlth:     It makes you more stealthy.
 m - a +1 cloak of willpower (worn)
Jewellery
 f - a ring of poison resistance
 h - a ring of fire
Wands
 s - a wand of mindburst (13)
Scrolls
 i - a scroll of teleportation {unknown}
 j - a scroll of noise {unknown}
 n - a scroll of torment {unknown}
 q - a scroll of summoning {unknown}
 t - a scroll of identify {unknown}
Potions
 l - a potion of might {unknown}
 o - a potion of invisibility {unknown}
 r - a potion of haste {unknown}


   Skills:
 + Level 3.7 Fighting
 + Level 4.5 Short Blades
 + Level 3.6 Throwing
 + Level 3.3 Dodging
 + Level 6.6 Stealth


You had 5 spell levels left.
You didn't know any spells.
Your spell library contained the following spells:

 Spells                   Type           Power      Damage    Failure   Level
 Blink                    Tloc           0%         N/A       45%         2
 Dazzling Flash           Conj/Hex       0%         N/A       69%         3
 Lesser Beckoning         Tloc           0%         N/A       69%         3
 Iskenderun's Mystic Bla  Conj/Tloc      0%         2d3       97%         4
 Manifold Assault         Tloc           0%         N/A       100%        5
 Starburst                Conj/Fire      0%         6d3       100%        6


Dungeon Overview and Level Annotations

Branches:
Dungeon (4/15)
 Temple: D:4-7

Altars:

Shops:
D:2 :[*?[

Annotations:
D:4 Edmund


Innate Abilities, Weirdness & Mutations

You are small and have problems with some larger weapons.
You are completely attuned to the shadows.


Message History

You closely miss Edmund.
Edmund is moderately wounded.
You feel very sick.
Edmund grinds his teeth, and then sighs.
Edmund barely misses you.
You are too injured to fight recklessly!
You are too injured to fight recklessly!
You are too injured to fight recklessly!
You are too injured to fight recklessly!
You hit Edmund but do no damage.
Edmund is moderately wounded.
You feel very sick. Edmund completely misses you.
You barely miss Edmund.
Edmund is moderately wounded.
You feel sick.
You hit Edmund.
Edmund is moderately wounded.
You feel sick. Edmund closely misses you.
You hit Edmund.
Edmund is heavily wounded.
You feel sick.
Edmund gestures with his flail.
Edmund misses you.
You hit Edmund but do no damage.
Edmund is heavily wounded.
You feel sick.
Edmund hits you with a +0 flail of venom.
* * * LOW HITPOINT WARNING * * *
You are more poisoned.
You hit Edmund.
Edmund is heavily wounded.
* * * LOW HITPOINT WARNING * * *
You feel sick.
You completely miss Edmund.
Edmund is heavily wounded.
* * * LOW HITPOINT WARNING * * *
You feel sick.
Edmund hits you with a +0 flail of venom!
You die...

.## ..# ..#
########@.##
.......@....
.....###..##
##...###..#
.......#..#
.....).#..#
.......#..#
##....#.#)##
#.....###.######
##...# ##.....#


You could see Edmund.

Vanquished Creatures
  Crazy Yiuf (D:2)
  2 jellies
  An iguana (D:2)
  An orc wizard (D:4)
  3 gnolls (D:3)
  5 adders
  2 worms
  A dart slug (D:2)
  8 orcs
  8 ball pythons
  5 endoplasms
  4 giant cockroaches
  5 goblins
  4 hobgoblins
  3 quokkas
  12 bats
  2 frilled lizards
  5 kobolds
  9 rats
81 creatures vanquished.

Notes
Turn   | Place    | Note
-------+----------+-------------------------------------------
     0 | D:1      | Buxparty the Kobold Brigand began the quest for the Orb.
     0 | D:1      | Reached XP level 1. HP: 12/12 MP: 1/1
   104 | D:1      | Reached XP level 2. HP: 18/18 MP: 2/2
   501 | D:1      | You fall into a shaft and drop 1 floor!
   520 | D:2      | Found Rekhlear's Magic Scroll Shop.
   528 | D:2      | Identified the +1 robe of Wituymeo {rF+ Slay+2 Stlth+}
   571 | D:2      | Found Ohogeb's Armour Emporium.
   579 | D:2      | Reached XP level 3. HP: 22/22 MP: 3/3
   742 | D:2      | Found Eraintische's General Store.
   792 | D:2      | Found Momped's Armour Shoppe.
   805 | D:2      | Found Jiw Zov's Book Emporium.
   970 | D:2      | Found a runed translucent door.
   973 | D:2      | Noticed Crazy Yiuf
   978 | D:2      | Killed Crazy Yiuf
   979 | D:2      | Reached XP level 4. HP: 27/27 MP: 4/4
  1676 | D:3      | Reached skill level 6 in Stealth
  1795 | D:3      | Reached XP level 5. HP: 23/32 MP: 5/5
  1956 | D:3      | Found a faded altar of an unknown god.
  2446 | D:3      | Reached XP level 6. HP: 37/37 MP: 6/6
  3258 | D:4      | Noticed Edmund
  3273 | D:4      | Mangled by Edmund

Illustrated notes

Levels and vault maps discovered:
D:1:      wander_arrival_estate, layout_basic, minmay_rat_gold_closets
D:2:      layout_rooms, serial_shops, nicolae_shop_behind_doors,
          nicolae_shop_crystal, shop, shop_fountains, nicolae_shop_trees,
          uniq_crazy_yiuf_cottage
D:3:      layout_rooms, nicolae_ecumenical_snake_handling,
          hangedman_decor_clover_reticule, st_stairs_4
D:4:      layout_loops_ring, uniq_edmund

Skill      XL: |  1  2  3  4  5 |
---------------+----------------+-----
Short Blades   | 3 4 |  4.5
Dodging        | 2 3 |  3.3
Fighting       | 3 |  3.7
Throwing       | 3 |  3.6
Stealth        | 6 |  6.6

Action                   |  1- 3 |  4- 6 || total
-------------------------+-------+-------++-------
Melee: Dagger            |    55 |   169 ||   224
       Punch             |       |     1 ||     1
Throw: Dart              |     3 |       ||     3
 Stab: Sleeping          |    19 |    23 ||    42
       Distracted        |     1 |     2 ||     3
Armor: Robe              |     3 |    23 ||    26
Dodge: Dodged            |    21 |   123 ||   144
